 Dungeon Crawl Stone Soup version 0.31.0-11-ge490571c62 (webtiles) character file.

Game seed: 2250154009762025154

7406 mopl the Covert (level 10, 0/71 HPs)
             Began as a Green Draconian Enchanter on Feb 7, 2024.
             Was a Believer of Dithmenos.
             Shot with an arrow by a centaur warrior (29 damage)
             ... on level 9 of the Dungeon.
             The game lasted 00:16:06 (8458 turns).

mopl the Covert (Green Draconian Enchanter)         Turns: 8458, Time: 00:16:07

Health: 0/71       AC:  9    Str: 10    XL:     10   Next: 92%
Magic:  30/31      EV: 12    Int: 26    God:    Dithmenos [**....]
Gold:   82         SH:  0    Dex: 12    Spells: 7/26 levels left

rFire   . . .        a - +1 dagger
rCold   . . .        (no shield)
rNeg    . . .        (body armour unavailable)
rPois   +            (helmet restricted)
rElec   .            h - +0 cloak
rCorr   .            o - +0 pair of gloves
SInv    .            (no boots)
Will    .....        (no amulet)
Stlth   +++++        C - +6 ring of intelligence
HPRegen 0.31/turn    A - ring of magical power
MPRegen 0.22/turn

%: no passive effects
@: short of breath, wreathed by umbra
A: breathe noxious fumes, AC +7, unfitting armour, poison resistance,
cold-blooded
a: Breathe Noxious Fumes, Renounce Religion, Shadow Step


You were on level 9 of the Dungeon.
You worshipped Dithmenos.
Dithmenos was pleased with you.
You visited 2 branches of the dungeon, and saw 10 of its levels.

You collected 537 gold pieces.
You spent 455 gold pieces at shops.

Inventory:

Hand Weapons
 a - a +1 dagger (weapon)
 b - a +2 short sword of draining
 w - a +0 short sword of venom
 K - a +3 scimitar of flaming
Missiles
 s - 8 poisoned darts
 t - 2 throwing nets
 x - 4 boomerangs
 y - 5 atropa-tipped darts
Armour
 h - a +0 cloak (worn)
 o - a +0 pair of gloves (worn)
 M - a +0 kite shield
Jewellery
 j - a +4 ring of protection
 A - a ring of magical power (right hand)
 C - a +6 ring of intelligence (left hand)
 J - a +6 ring of intelligence
Wands
 p - a wand of paralysis (5)
 H - a wand of light (6)
 I - a wand of roots (6)
Scrolls
 c - 3 scrolls of enchant weapon {unknown}
 d - 11 scrolls of identify {unknown}
 f - 3 scrolls of enchant armour {unknown}
 i - 2 scrolls of poison {unknown}
 m - 2 scrolls of torment {unknown}
 n - 6 scrolls of teleportation {unknown}
 r - 2 scrolls of blinking {unknown}
 u - a scroll of fog {unknown}
 B - 3 scrolls of vulnerability {unknown}
 D - 2 scrolls of revelation {unknown}
 E - a scroll of fear {unknown}
 L - a scroll of immolation {unknown}
Potions
 e - 2 potions of enlightenment {unknown}
 g - 3 potions of mutation
 k - 5 potions of curing {unknown}
 l - a potion of brilliance {unknown}
 q - 3 potions of invisibility
 v - 3 potions of heal wounds
 z - 2 potions of lignification
 F - a potion of cancellation {unknown}
 G - a potion of haste
 N - a potion of ambrosia


   Skills:
 + Level 1.1 Fighting
 + Level 6.1 Short Blades
 - Level 1.7 Dodging
 * Level 9.5 Stealth
 + Level 0.9 Shields
 * Level 8.5 Spellcasting
 * Level 8.7 Hexes


You had 7 spell levels left.
You knew the following spells:

 Your Spells              Type           Power      Damage    Failure   Level
a - Dazzling Flash        Conj/Hex       66%        N/A       2%          3
b - Ensorcelled Hibernat  Hex/Ice        66%        N/A       1%          2
c - Confusing Touch       Hex            54%        N/A       1%          3
d - Tukima's Dance        Hex            54%        N/A       1%          3
y - Yara's Violent Unrav  Hex/Alch       16%        3d8       24%         5
B - Sigil of Binding      Hex            54%        N/A       1%          3

Your spell library contained the following spells:

 Spells                   Type           Power      Damage    Failure   Level
 Slow                     Hex            100%       N/A       1%          1
 Jinxbite                 Hex            100%       N/A       1%          2
 Freeze                   Ice            44%        1d6       5%          1
 Lesser Beckoning         Tloc           22%        N/A       9%          2
 Frozen Ramparts          Ice            22%        1d4       16%         3
 Gell's Gravitas          Tloc           11%        N/A       16%         3
 Hailstorm                Conj/Ice       11%        3d6       16%         3
 Teleport Other           Tloc           11%        N/A       16%         3
 Vampiric Draining        Necr           11%        2d6       16%         3
 Volatile Blastmotes      Fire/Tloc      22%        2d11      16%         3
 Fulminant Prism          Conj/Alch      5%         3d7       47%         4
 Iskenderun's Mystic Bla  Conj/Tloc      11%        2d4       47%         4
 Enfeeble                 Hex            27%        N/A       77%         7


Dungeon Overview and Level Annotations

Branches:
Dungeon (9/15)             Temple (1/1) D:5
   Lair: D:8-11         Orc: D:9-12

Altars:
Ashenzari
Cheibriados
Dithmenos
Fedhas
Gozag
Hepliaklqana
Kikubaaqudgha
Makhleb
Nemelex Xobeh
Qazlal
Ru
Sif Muna
Trog
Uskayaw
Vehumet
Wu Jian
Xom
Yredelemnul
Zin
The Shining One

Annotations:
D:3 1 runed translucent door, TobyConnect's ghost, amateur MiHs
D:6 dig


Innate Abilities, Weirdness & Mutations

You can breathe blasts of noxious fumes.
Your lurid green scales are hard. (AC +7)
You cannot fit into any form of body armour.
Your system is resistant to poisons. (rPois)
You are cold-blooded and may be slowed by cold attacks.


Message History

Casting: Ensorcelled Hibernation (safe; 1% risk of failure)
Confirm with . or Enter, or press ? or * to list all spells.
Aiming: Ensorcelled Hibernation (safe; 1% risk of failure)
Press: ? - help, Shift-Dir - straight line, f - wyvern, p - centaur warrior
Aim: a wyvern (noxious fumes, umbra, chance to affect: 62%)
The wyvern looks drowsy...
The wyvern is engulfed in noxious fumes.
The wyvern appears confused.
The wyvern hisses angrily.
The centaur warrior unwields a +4 shortbow.
The centaur warrior barely misses you.
The centaur warrior kicks you but does no damage.
The wyvern is engulfed in noxious fumes.
The wyvern appears confused.
The wyvern bites the orc warrior.
The wyvern barely misses itself.
An orc warrior comes into view. It is wielding a +0 halberd.
Unknown command.
You hit the centaur warrior but do no damage.
You tail-slap the centaur warrior.
The centaur warrior is lightly wounded.
Unknown command.
The centaur warrior closely misses you.
The centaur warrior completely misses you.
The wyvern is engulfed in noxious fumes.
The wyvern appears confused.
Unknown command.
The wyvern bites the centaur warrior.
The centaur warrior closely misses you.
The centaur warrior kicks you but does no damage.
The orc warrior is engulfed in noxious fumes.
The orc warrior appears confused.
The orc warrior hits the wyvern with a +3 hand axe!
The orc warrior hits itself with a +3 hand axe!
The centaur warrior closely misses you. x2; The orc warrior misses something.
The orc warrior hits itself with a +3 hand axe!
The centaur warrior seems less confused.
The centaur warrior wields a +4 shortbow.
The centaur warrior shoots an arrow.
The arrow hits you!
The wyvern bites the centaur warrior.
The centaur warrior shoots an arrow.
The arrow hits you!!
You die...

♣♣♣♣.♣♣♣♣
#.#..###..##..##
♣)..≈...♣
.#.#......####..#
♣..♣♣♣♣.♣♣♣♣..♣#......###
##.. ♣.........♣
#..###.## #..
####..o#######.## #..#
##. ................#
##.######..
..#####...k....##
##......... ####.c...##
#..##.....#
#...@<.####.###....##
#.####.......##...## #.##
###.........## # #.
###.......# ## .#
#...###.###. .. #..##
#..#.# #.. ###..# ##.###
#. #..#.# ### ######


You could see a centaur warrior, an orc warrior (confused) and a wyvern
(confused).

Vanquished Creatures
  A hydra (D:8)
  Pikel (D:7)
  A cyclops (D:9)
  A hornet (D:9)
  A troll (D:8)
  A yak (D:9)
  3 steam dragons
  3 orc warriors
  A water moccasin (D:7)
  A sky beast (D:6)
  An ice beast (D:7)
  5 centaurs
  An ogre (D:5)
  A lemure (D:8)
  4 phantoms
  2 bullfrogs
  A wyvern zombie (D:6)
  3 scorpions
  4 wights (D:8)
  17 killer bees
  2 howler monkeys (D:8)
  A bombardier beetle (D:3)
  2 bullfrog zombies (D:6)
  3 hounds (D:4)
  2 centaur zombies (D:6)
  A gnoll bouda (D:7)
  A jelly (D:8)
  3 orc priests
  3 iguanas
  A sleepcap (D:6)
  Natasha (thrice) (D:4)
  3 orc wizards
  A killer bee zombie (D:6)
  A howler monkey zombie (D:6)
  2 gnolls (D:7)
  7 adders
  2 ufetubi (D:7)
  2 ribbon worms (D:2)
  2 dart slugs
  24 orcs
  7 ball pythons
  An endoplasm (D:3)
  5 giant cockroaches
  14 hobgoblins
  5 jackals
  5 quokkas
  3 bats
  A frilled lizard (D:2)
  4 goblins
  9 kobolds
  10 rats
183 creatures vanquished.

Vanquished Creatures (collateral kills)
  A two-headed ogre (D:6)
  Erica (D:8)
  2 wights (D:8)
  2 killer bees (D:9)
  A gnoll (D:7)
  An orc (D:8)
8 creatures vanquished.

Vanquished Creatures (others)
  4 dancing weapons
  A centaur (D:9)
  An orc (D:9)
6 creatures vanquished.

Grand Total: 197 creatures vanquished

Notes
Turn   | Place    | Note
-------+----------+-------------------------------------------
     0 | D:1      | mopl the Draconian Enchanter began the quest for the Orb.
     0 | D:1      | Reached XP level 1. HP: 14/14 MP: 3/3
   160 | D:1      | Reached XP level 2. HP: 20/20 MP: 5/5
   163 | D:1      | Learned a level 2 spell: Ensorcelled Hibernation
   276 | D:1      | Reached skill level 3 in Stealth
   554 | D:1      | Found Voyshiuni's Distillery.
   557 | D:1      | Bought a potion of degeneration for 13 gold pieces
  1046 | D:1      | Reached XP level 3. HP: 16/26 MP: 0/6
  1050 | D:1      | Learned a level 3 spell: Confusing Touch
  1196 | D:2      | Found a sparkling altar of Nemelex Xobeh.
  1929 | D:3      | Reached XP level 4. HP: 26/33 MP: 5/8
  1947 | D:3      | Learned a level 3 spell: Tukima's Dance
  2147 | D:3      | Found a runed translucent door.
  2151 | D:3      | Noticed TobyConnect's ghost (amateur MiHs)
  2332 | D:3      | Reached skill level 4 in Stealth
  2332 | D:3      | Reached XP level 5. HP: 28/38 MP: 9/9
  2374 | D:3      | Found a shimmering blue altar of Sif Muna.
  2998 | D:3      | Found a faded altar of an unknown god.
  3183 | D:4      | Reached XP level 6. HP: 34/45 MP: 4/11
  3344 | D:4      | Noticed Natasha
  3357 | D:4      | Killed Natasha
  3460 | D:4      | Noticed Natasha
  3464 | D:4      | Killed Natasha
  3505 | D:4      | Noticed Natasha
  3511 | D:4      | Killed Natasha
  3512 | D:4      | Your scales start taking on a lurid green colour.
  3512 | D:4      | Reached XP level 7. HP: 47/50 MP: 7/13
  3512 | D:4      | Gained mutation: Your system is resistant to poisons.
                  | (rPois) [Green Draconian growth]
  3611 | D:1      | Bought a potion of lignification for 39 gold pieces
  3611 | D:1      | Bought a potion of heal wounds for 65 gold pieces
  3719 | D:5      | Entered Level 5 of the Dungeon
  3792 | D:5      | Reached skill level 5 in Stealth
  3867 | D:5      | Reached skill level 5 in Hexes
  4084 | D:5      | Found a staircase to the Ecumenical Temple.
  4089 | Temple   | Entered the Ecumenical Temple
  4095 | Temple   | Became a worshipper of Dithmenos the Shadowed
  4107 | D:5      | Learned a level 3 spell: Dazzling Flash
  4225 | D:6      | Reached skill level 5 in Spellcasting
  4225 | D:6      | Reached XP level 8. HP: 41/57 MP: 15/15
  4321 | D:6      | Noticed a two-headed ogre
  4330 | D:6      | Killed a two-headed ogre
  4331 | D:6      | Reached skill level 6 in Stealth
  4585 | D:6      | Found a basalt altar of Yredelemnul.
  4608 | D:6      | Reached XP level 9. HP: 50/62 MP: 18/18
  4613 | D:6      | Reached skill level 7 in Stealth
  5096 | D:1      | Bought a potion of haste for 130 gold pieces
  5241 | D:7      | Reached * piety under Dithmenos
  6095 | D:8      | Noticed Pikel
  6126 | D:7      | Killed Pikel
  6127 | D:7      | Reached skill level 8 in Stealth
  6328 | D:8      | Reached skill level 5 in Short Blades
  6519 | D:8      | Reached XP level 10. HP: 69/69 MP: 21/21
  6612 | D:8      | Identified the +1 robe "Kolylaeq" {rF+ MP+9}
  7170 | D:8      | Noticed Erica
  7179 | D:8      | Killed Erica
  7224 | D:8      | Found the +1 robe of Vines {NoPotionHeal Regen++++}
  7243 | D:8      | Noticed a four-headed hydra
  7258 | D:8      | Killed a one-headed hydra
  7259 | D:8      | Reached skill level 9 in Stealth
  7581 | D:8      | Learned a level 3 spell: Sigil of Binding
  7587 | D:8      | Learned a level 5 spell: Yara's Violent Unravelling
  7638 | D:9      | Reached ** piety under Dithmenos
  7660 | D:9      | Identified the +2 helmet of Pessimism {Fly rCorr Int-4}
  8052 | D:1      | Bought a potion of ambrosia for 104 gold pieces
  8052 | D:1      | Bought a potion of mutation for 104 gold pieces
  8337 | D:9      | Noticed a cyclops
  8337 | D:9      | Noticed a centaur warrior
  8451 | D:9      | Killed a cyclops
  8452 | D:9      | Reached skill level 1 in Fighting
  8458 | D:9      | Shot with an arrow by a centaur warrior

Illustrated notes

Levels and vault maps discovered:
D:1:      dpeg_arrival_renting, layout_loops_ring, serial_shops,
          nicolae_shop_pleasant_corner_grove
D:2:      minmay_kobold_bridge, layout_loops_ring, basic_altar,
          grunt_decor_arrowhead, kennysheep_generic_room_15
D:3:      layout_basic, lemuel_doored_altar, ebering_ghost_sewer_d,
          hellmonk_ecumenical_altar_inner_sanctum
D:4:      layout_gridville, minivault_19, uniq_natasha
D:5:      layout_rooms, minmay_temple_entry_crystal_x, minmay_holes
D:6:      cheibrodos_quashed, layout_basic, nicolae_yredelemnul_corpse_copse
D:7:      layout_loops_ring, hex_large
D:8:      layout_layer_cave, hellmonk_guarded_unrand_vines, uniq_erica,
          uniq_pikel
D:9:      nzn_winding_woodlands_small [nzn_winding_woodlands_5x15_eye,
          nzn_winding_woodlands_center_pierced_h,
          nzn_winding_woodlands_5x15_pockets], layout_layer_cave, uniq_amaemon,
          uniq_harold
Temple:   eino_narrow_crystal_temple

Skill      XL: |  1  2  3  4  5  6  7  8  9 10 |
---------------+-------------------------------+-----
Stealth        | 3 4 5 6 8 9 |  9.5
Hexes          | 3 4 5 6 7 8 |  8.7
Spellcasting   | 3 4 5 6 7 8 |  8.5
Short Blades   | 2 3 5 6 |  6.1
Fighting       | 1 |  1.1
Dodging        | |  1.7
Shields        | |  0.9

Action                     |  1- 3 |  4- 6 |  7- 9 | 10-12 || total
---------------------------+-------+-------+-------+-------++-------
  Melee: Dagger            |   192 |    33 |   247 |    57 ||   529
         Tailslap          |    27 |    18 |    50 |     7 ||   102
         Punch             |     2 |       |     7 |       ||     9
         Short sword       |       |   119 |    45 |       ||   164
         Scimitar          |       |       |       |     4 ||     4
   Cast: Ensorcelled Hiber |    11 |    25 |    34 |    30 ||   100
         Confusing Touch   |       |       |    12 |       ||    12
         Tukima's Dance    |       |       |    16 |     3 ||    19
         Dazzling Flash    |       |       |     2 |       ||     2
Ability: Breathe Noxious F |       |       |     3 |     4 ||     7
  Evoke: Wand              |       |     1 |       |     1 ||     2
   Stab: Sleeping          |    13 |    16 |    28 |    21 ||    78
         Paralysed         |       |     2 |       |     1 ||     3
         Confused          |       |       |    14 |     4 ||    18
 Armour: Skin              |   112 |    93 |   160 |    69 ||   434
  Dodge: Dodged            |   120 |    84 |   176 |    73 ||   453
